 Dungeon Crawl Stone Soup version 0.19-a0-1704-gbd66c22 (webtiles) character file.

79 Goblin1989 the Sneak (level 4, -2/33 HPs)
             Began as a Demonspawn Assassin on Sept 27, 2016.
             Slain by an adder (4 damage)
             ... on level 3 of the Dungeon.
             The game lasted 00:04:34 (2385 turns).

Goblin1989 the Sneak (Demonspawn Assassin)          Turns: 2385, Time: 00:04:35

Health: -2/33      AC:  4    Str: 10 (11) XL:     4   Next: 16%
Magic:  4/4        EV: 11    Int: 13 (14) God:
Gold:   136        SH:  0    Dex: 13 (14) Spells: 0 memorised, 3 levels left

rFire  . . .     SeeInvis .     a - +2 dagger
rCold  . . .     Gourm    .     c - +0 robe
rNeg   . . .     Faith    .     (no shield)
rPois  .         Spirit   .     (no helmet)
rElec  .         Dismiss  .     d - +0 cloak
rCorr  .         Reflect  .     (no gloves)
MR     .....     Harm     .     (no boots)
Stlth  +++.......               (no amulet)
                                (no ring)
                                (no ring)

@: lethally poisoned (-2 -> -5)
A: powered by pain 2
a: no special abilities


You were on level 3 of the Dungeon.
You were hungry.

You visited 1 branch of the dungeon, and saw 3 of its levels.

You collected 136 gold pieces.

Inventory:

Hand Weapons
 a - a +2 dagger (weapon)
 q - a +0 blowgun {@w1}
Missiles
 e - 15 poisoned needles
 f - 2 curare-tipped needles
Armour
 c - a +0 robe (worn)
 d - a +0 cloak (worn)
Scrolls
 b - 3 scrolls of identify {unknown}
 h - a scroll of remove curse {unknown}
 i - a scroll of amnesia {unknown}
 k - a scroll of magic mapping {unknown}
 n - a scroll of enchant weapon {unknown}
 p - a scroll of fear {unknown}
Comestibles
 g - 3 bread rations
 l - 2 beef jerkies
 m - a meat ration


   Skills:
 - Level 2.0 Fighting
 * Level 3.3 Short Blades
 - Level 1.7 Throwing
 - Level 0.8 Dodging
 + Level 4.3 Stealth


You had 3 spell levels left.
You didn't know any spells.

Dungeon Overview and Level Annotations

Branches:
Dungeon (3/15)

Altars:


Innate Abilities, Weirdness & Mutations

You sometimes gain power by taking damage.


Message History

There was something very wrong with that liquid.
You feel weakened.
You feel dopey.
You feel clumsy. The adder bites you.
* * * LOW HITPOINT WARNING * * *
The adder barely misses you. The rat misses you.
It was a potion of cure mutation.
It has a very clean taste.
* * * LOW HITPOINT WARNING * * *
You feel sick. The adder bites you but does no damage.
The rat bites you but does no damage.
It was a potion of magic.
Magic courses through your body. The adder barely misses you.
The rat bites you but does no damage. The rat bites you but does no damage.
You hit the adder.
The adder is almost dead.
* * * LOW HITPOINT WARNING * * *
You feel sick. The adder misses you. The adder barely misses you.
You closely miss the adder.
The adder is almost dead.
The rat bites you but does no damage. The adder bites you.
You die... ਜ ਜਜ ਜਜਜਜ▲ਜਜਜਜਜਜਜ

ਜ... ..........ਜ .ਜ.
ਜਜਜਜ.........ਜ ..
..ਜ.........ਜ ਜ.
ਜ.ਜ.........ਜ
.ਜ.ਜ.ਜ.ਜਜਜ.ਜ.........ਜਜ
......)S@...........[..
ਜਜ.....r...ਜ.........ਜ
▲.........ਜ.........ਜ
ਜ.........ਜਜਜ∆ਜਜਜਜਜਜਜ
ਜ.........ਜ ਜ.ਜ
▲.........ਜ ਜ.ਜ
ਜ.........ਜ ਜ.ਜ
..........ਜ ਜ.ਜ ....
ਜ.ਜ


You could see an adder and a rat.

Vanquished Creatures
  An adder (D:2)
  2 oozes (D:2)
  A worm (D:2)
  2 dart slugs (D:1)
  A leopard gecko (D:1)
  2 giant cockroaches (D:1)
  4 goblins
  8 hobgoblins
  7 jackals (D:1)
  A quokka (D:2)
  A ball python (D:2)
  5 bats
  5 frilled lizards
  6 kobolds
  5 rats
51 creatures vanquished.

Notes
Turn   | Place    | Note
-------+----------+-------------------------------------------
     0 | D:1      | Goblin1989 the Demonspawn Assassin began the quest for the Orb.
     0 | D:1      | Reached XP level 1. HP: 16/16 MP: 1/1
   420 | D:1      | Gained mutation: You sometimes gain a little power by taking damage. [demonic ancestry]
   420 | D:1      | Reached XP level 2. HP: 22/22 MP: 2/2
   911 | D:1      | Reached XP level 3. HP: 27/27 MP: 3/3
   989 | D:1      | Reached skill level 4 in Stealth
  1900 | D:2      | Gained mutation: You sometimes gain power by taking damage. [demonic ancestry]
  1900 | D:2      | Reached XP level 4. HP: 17/33 MP: 4/4
  2385 | D:3      | Slain by an adder

Vault maps used:
D:1:      lemuel_arrival_rhombus, minmay_misc_feat_pillars
D:2:      minmay_tetromino_t2

Skill      XL: |  1  2  3 |
---------------+----------+-----
Short Blades   | 2 3 |  3.3
Stealth        | 4 |  4.3
Fighting       | |  2.0
Throwing       | |  1.7
Dodging        | |  0.8

Action                   |  1- 3 |  4- 6 || total
-------------------------+-------+-------++-------
Melee: Dagger            |   178 |    40 ||   218
  Use: Potion            |       |     3 ||     3
 Stab: Sleeping          |     6 |       ||     6
  Eat: Chunk             |     3 |     1 ||     4
Armor: Robe              |    52 |    16 ||    68
Dodge: Dodged            |   110 |    38 ||   148

Vault maps used:
D:1:      lemuel_arrival_rhombus, minmay_misc_feat_pillars
D:2:      minmay_tetromino_t2
